 Dungeon Crawl Stone Soup version 0.29-a0-468-ge57f7f99b4 (webtiles) character file.

Game seed: 15377544356046627465

32 xian the Conjurer (level 3, -1/26 HPs)
             Began as a Draconian Conjurer on May 21, 2022.
             Slain by a hobgoblin (3 damage)
             ... led by Robin
             ... on level 1 of the Dungeon.
             The game lasted 00:02:49 (1415 turns).

xian the Conjurer (Draconian Conjurer)              Turns: 1415, Time: 00:02:50

Health: -1/26      AC:  5    Str:  9    XL:     3   Next: 8%
Magic:  6/6        EV: 12    Int: 20    God:
Gold:   40         SH:  0    Dex:  9    Spells: 5/6 levels left

rFire   . . .      SeeInvis .   i - +0 club
rCold   . . .      Faith    .   (no shield)
rNeg    . . .      Spirit   .   (body armour unavailable)
rPois   .          Reflect  .   (helmet restricted)
rElec   .          Harm     .   (no cloak)
rCorr   +          Rampage  .   (no gloves)
Will    .....                   (no boots)
Stlth   ++........              (no amulet)
HPRegen 0.08/turn               l - ring of resist corrosion
MPRegen 0.10/turn               (no ring)

@: no status effects
A: AC +5, unfitting armour, cold-blooded
a: no special abilities


You were on level 1 of the Dungeon.
You visited 1 branch of the dungeon, and saw 2 of its levels.

You collected 40 gold pieces.

Inventory:

Hand Weapons
 i - a +0 club (weapon)
Jewellery
 l - a ring of resist corrosion (left hand)
Scrolls
 b - a scroll of enchant armour {unknown}
 f - a scroll of identify {unknown}
 g - a scroll of noise {unknown}
 k - a scroll of torment {unknown}
Potions
 c - 2 potions of might {unknown}
 d - a potion of degeneration {unknown}
 e - a potion of lignification {unknown}
 h - a potion of curing {unknown}
 j - a potion of invisibility {unknown}


   Skills:
 + Level 2.0 Dodging
 + Level 2.0 Stealth
 + Level 2.2 Spellcasting
 + Level 4.7 Conjurations


You had 5 spell levels left.
You knew the following spells:

 Your Spells              Type           Power      Damage    Failure   Level
a - Magic Dart            Conj           84%        1d7       2%          1

Your spell library contained the following spells:

 Spells                   Type           Power      Damage    Failure   Level
 Searing Ray              Conj           42%        2d6       3%          2
 Dazzling Flash           Conj/Hex       22%        N/A       19%         3
 Fulminant Prism          Conj/Hex       5%         3d7       52%         4
 Iskenderun's Mystic Bla  Conj/Tloc      11%        2d4       52%         4
 Conjure Ball Lightning   Conj/Air       5%         3x3d6     100%        6
 Discord                  Hex            1%         N/A       100%        8
 Disjunction              Tloc           1%         N/A       100%        8


Dungeon Overview and Level Annotations

Branches:
Dungeon (2/15)

Altars:

Shops:
D:1 (

Annotations:
D:1 Robin


Innate Abilities, Weirdness & Mutations

Your plain brown scales are hard. (AC +5)
You cannot fit into any form of body armour.
You are cold-blooded and may be slowed by cold attacks.


Message History

The hobgoblin hits you but does no damage.
Robin roars a battlecry!
The hobgoblin goes into a battle-frenzy!
The hobgoblin closely misses you. The hobgoblin misses you.
The magic dart hits Robin.
Robin is lightly wounded.
The hobgoblin hits you but does no damage.
The hobgoblin hits you. The hobgoblin barely misses you.
The magic dart hits Robin.
Robin is moderately wounded.
The hobgoblin closely misses you. Robin hits you with a +0 trident.
The hobgoblin hits you but does no damage.
The hobgoblin barely misses you.
The magic dart hits Robin but does no damage.
Robin is moderately wounded.
The hobgoblin closely misses you.
Robin says, "We wiped out the hill dwarves - you're next!"
Robin closely misses you. The hobgoblin misses you. The hobgoblin hits you.
You are too injured to fight recklessly!
You are too injured to fight recklessly!
You are too injured to fight recklessly!
Aiming: Magic Dart (safe; 2% risk of failure)
Press: ? - help, Q - select action Shift-Dir - straight line, f/p - Robin
Aim: Robin, wielding a +0 trident, wearing a +0 animal skin and wearing a +0 helmet (moderately wounded, 100% to hit)
The magic dart hits Robin.
Robin is heavily wounded.
The hobgoblin hits you. The hobgoblin barely misses you.
The hobgoblin hits you but does no damage.
Aiming: Magic Dart (safe; 2% risk of failure)
Press: ? - help, Q - select action Shift-Dir - straight line, f/p - Robin
Aim: Robin, wielding a +0 trident, wearing a +0 animal skin and wearing a +0 helmet (heavily wounded, 100% to hit)
The magic dart hits Robin.
Robin is severely wounded.
The hobgoblin hits you.
* * * LOW HITPOINT WARNING * * *
The hobgoblin hits you.
* * * LOW HITPOINT WARNING * * *
The hobgoblin closely misses you. Magic courses through your body.
The hobgoblin hits you.
You die...

#...#.# ###.#.........#
###...#.######..###.######.#
#.......).....#.# ##.#####.#
#####.......#####..## ##...##.#
#...........# ##.## ##..#.##..
#.#####...#.# ##.###.#.#.##..
#.# #...#.# ##.#.##.#.#### #.#
###...#########.###.#.#
#.######......g@g..##.#.....###
#...........###gg...#...#.###.##
#....P.P.......g....###.#.##.#.#
#..###'###.##.#.....# #.#.#.###.
##.#8...8#)##.##(..## #.#.##.#.#
#.#.###.#..#.#..### #[#.###.##
#.#.#5#.#.....#.######.#.)...##
#.#.###.#.##.###.......########
#.#8...8#.....#...........##...


You could see Robin, 3 hobgoblins and a goblin (strong).

Vanquished Creatures
  4 ball pythons (D:1)
  5 endoplasms (D:1)
  4 goblins (D:1)
  2 hobgoblins (D:1)
  3 jackals (D:1)
  A kobold (D:1)
  A quokka (D:1)
  3 bats (D:1)
  A frilled lizard (D:1)
  3 rats (D:1)
27 creatures vanquished.

Notes
Turn   | Place    | Note
-------+----------+-------------------------------------------
     0 | D:1      | xian the Draconian Conjurer began the quest for the Orb.
     0 | D:1      | Reached XP level 1. HP: 14/14 MP: 3/3
   274 | D:1      | Reached XP level 2. HP: 20/20 MP: 1/5
   805 | D:1      | Reached XP level 3. HP: 26/26 MP: 2/6
   884 | D:1      | Found Xamung's Weapon Boutique.
  1074 | D:1      | Found a faded altar of an unknown god.
  1406 | D:2      | Noticed Robin
  1415 | D:1      | Slain by a hobgoblin

Illustrated notes

Levels and vault maps discovered:
D:1:      wheals_arrival_linesprint, layout_loops_ring, serial_shops,
          nicolae_shop_bloodbath_and_beyond,
          dreamdust_ecumenical_altar_sealed_demon
D:2:      layout_rooms, uniq_robin

Skill      XL: |  1  2 |
---------------+-------+-----
Stealth        | 2 |  2.0
Dodging        | 2 |  2.0
Spellcasting   | |  2.2
Conjurations   | |  4.7

Action                   || total
-------------------------++-------
Melee: Unarmed           ||    13
       Tailslap          ||     2
 Cast: Magic Dart        ||    56
  Use: Potion            ||     1
Armor: Skin              ||     8
Dodge: Dodged            ||    29

Table legend: (Time is in decaauts)
 A = Elapsed time spent in this place.
 B = Non-inter-level travel time spent in this place.
 C = Inter-level travel time spent in this place.
 D = Time resting spent in this place.
 E = Time spent auto-exploring this place.
 F = Levels seen in this place.
 G = Mean time per level.
                   A        B        C        D        E       F      G
               +--------+--------+--------+--------+--------+-----+--------+
         Total |   1416 |   1337 |     79 |     32 |   1159 |   2 |  708.0 |
       Dungeon |   1416 |   1337 |     79 |     32 |   1159 |   2 |  708.0 |
               +--------+--------+--------+--------+--------+-----+--------+

Top non-repeatable levels by time:
     D:1: 1415 daAuts
     D:2: 1 daAuts
